 Dungeon Crawl Stone Soup version 0.28-a0-804-g60983d4ba9 (webtiles) character file.

Game seed: 11529805945611576105

11 kae the Caller (level 2, 0/16 HPs)
             Began as a Tengu Summoner on Nov 7, 2021.
             Slain by an adder (2 damage)
             ... on level 2 of the Dungeon.
             The game lasted 00:00:41 (1372 turns).

kae the Caller (Tengu Summoner)                     Turns: 1372, Time: 00:00:42

Health: 0/16       AC:  3    Str:  8    XL:     2   Next: 29%
Magic:  6/6        EV: 12    Int: 15    God:
Gold:   41         SH:  0    Dex: 14    Spells: 4/5 levels left

rFire   . . .      SeeInvis .   d - +0 club
rCold   . . .      Faith    .   (no shield)
rNeg    . . .      Spirit   .   a - +0 robe
rPois   .          Reflect  .   (helmet restricted)
rElec   .          Harm     .   (no cloak)
rCorr   .          Rampage  .   b - +0 pair of gloves
Will    .....                   (boots unavailable)
Stlth   ++........              (no amulet)
HPRegen 0.05/turn               (no ring)
MPRegen 0.10/turn               (no ring)

@: lethally poisoned (0 -> -3)
A: beak, talons 3
a: no special abilities


You were on level 2 of the Dungeon.
You visited 1 branch of the dungeon, and saw 2 of its levels.

You collected 41 gold pieces.

Inventory:

Hand Weapons
 d - a +0 club (weapon)
Armour
 a - a +0 robe (worn)
 b - a +0 pair of gloves (worn)
 c - a +0 ring mail
Scrolls
 h - a scroll of identify {unknown}
Potions
 f - a potion of might {unknown}
 g - a potion of haste {unknown}
 i - a potion of heal wounds {unknown}


   Skills:
 + Level 0.5 Fighting
 + Level 2.4 Dodging
 - Level 2.0 Stealth
 + Level 2.1 Spellcasting
 * Level 5.1 Summonings


You had 4 spell levels left.
You knew the following spells:

 Your Spells              Type           Power      Damage    Failure   Level
a - Summon Small Mammal   Summ           68%        N/A       2%          1

Your spell library contained the following spells:

 Spells                   Type           Power      Damage    Failure   Level
 Call Imp                 Summ           17%        N/A       4%          2
 Call Canine Familiar     Summ           17%        N/A       8%          3
 Summon Guardian Golem    Hex/Summ       9%         N/A       22%         3
 Summon Lightning Spire   Summ/Air       9%         N/A       58%         4


Dungeon Overview and Level Annotations

Branches:
Dungeon (2/15)

Altars:

Shops:
D:2 (


Innate Abilities, Weirdness & Mutations

You have a beak for a mouth.
You have claws for feet.


Message History

The adder closely misses you.
Your rat closely misses the adder.
You miss the adder. Your kick misses the adder.
The adder is moderately wounded.
The adder bites you.
Your rat barely misses the adder.
The adder barely misses you.
An adder is nearby!
You hit the adder.
The adder is heavily wounded.
The adder closely misses you.
Your rat closely misses the adder.
The adder bites you.
You are too injured to fight recklessly!
An adder is nearby!
You are too injured to fight recklessly!
You are too injured to fight recklessly!
You are too injured to fight recklessly!
You are too injured to fight recklessly!
You are too injured to fight recklessly!
You are too injured to fight recklessly!
You are too injured to fight recklessly!
You are too injured to fight recklessly!
You barely miss the adder. You claw the adder. Your peck misses the adder.
The adder is heavily wounded.
Your rat closely misses the adder.
The adder bites you.
You are lethally poisoned!
The adder poisons you!
Your rat bites the adder.
You barely miss the adder.
The adder is severely wounded.
You feel very sick. The adder closely misses you.
Your rat closely misses the adder.
The adder bites you.
* * * LOW HITPOINT WARNING * * *
You closely miss the adder.
The adder is severely wounded.
* * * LOW HITPOINT WARNING * * *
You feel sick. The adder barely misses you.
Your rat bites the adder.
The adder barely misses you.
It was a potion of magic.
Magic courses through your body.
* * * LOW HITPOINT WARNING * * *
You feel sick.
Your rat closely misses the adder.
The adder bites you.
You die...

.........#######.# #
.##..##...##### .# #
............... .# #
##.#.##.##.#...
..##### #....##.# .#
#...... ##......##.#
#....#
#......>..####.#..#
#....#.#...........
#r@................
#.S...#............
#..###.#............
#... #..............
#... #.............
...# #.............
.##. ...#..........
#. #. ##.#..........
#.....###....#.


You could see an adder (ally target) and a friendly rat (summoned).

Vanquished Creatures
  An endoplasm (D:1)
  A goblin (D:1)
  A hobgoblin (D:2)
  A quokka (D:1)
  A ball python (D:1)
5 creatures vanquished.

Vanquished Creatures (collateral kills)
  A dart slug (D:1)
  A hobgoblin (D:1)
  A kobold (D:2)
3 creatures vanquished.

Grand Total: 8 creatures vanquished

Notes
Turn   | Place    | Note
-------+----------+-------------------------------------------
     0 | D:1      | kae the Tengu Summoner began the quest for the Orb.
     0 | D:1      | Reached XP level 1. HP: 10/10 MP: 4/4
   349 | D:1      | Found a faded altar of an unknown god.
   657 | D:1      | Reached skill level 5 in Summonings
   728 | D:1      | Reached XP level 2. HP: 5/16 MP: 6/6
  1202 | D:2      | Found Vuliaps's Antique Weapon Boutique.
  1372 | D:2      | Slain by an adder

Illustrated notes

Levels and vault maps discovered:
D:1:      minmay_arrival_shoal_huts, layout_basic, ebering_ecumenical_altar_mist
D:2:      layout_rooms, serial_shops, nicolae_diamond_shop,
          nicolae_shop_overgrown_old_shop, nicolae_shop_crystal

Skill      XL: |  1 |
---------------+----+-----
Summonings     | 5 |  5.1
Fighting       | |  0.5
Dodging        | |  2.4
Stealth        | |  2.0
Spellcasting   | |  2.1

Action                   || total
-------------------------++-------
Melee: Unarmed           ||    15
       Club              ||    16
       Kick              ||     8
       Peck              ||     3
 Cast: Summon Small Mamm ||     9
  Use: Scroll            ||     1
       Potion            ||     1
 Stab: Sleeping          ||     1
Armor: Robe              ||     3
Dodge: Dodged            ||    21

Table legend: (Time is in decaauts)
 A = Elapsed time spent in this place.
 B = Non-inter-level travel time spent in this place.
 C = Inter-level travel time spent in this place.
 D = Time resting spent in this place.
 E = Time spent auto-exploring this place.
 F = Levels seen in this place.
 G = Mean time per level.
                   A        B        C        D        E       F      G
               +--------+--------+--------+--------+--------+-----+--------+
         Total |   1379 |   1332 |     47 |    100 |   1119 |   2 |  689.5 |
       Dungeon |   1379 |   1332 |     47 |    100 |   1119 |   2 |  689.5 |
               +--------+--------+--------+--------+--------+-----+--------+

Top non-repeatable levels by time:
     D:1: 1201 daAuts
     D:2: 177 daAuts
